 Dungeon Crawl Stone Soup version 0.14-a0-2019-gd9bc7f0 (webtiles) character file.

10667 Piginabag the Nimble (level 11, -1/80 HPs)
             Began as an Octopode Wanderer on Jan 19, 2014.
             Was a High Priest of Nemelex Xobeh.
             Slain by a white ugly thing (21 damage)
             ... on Level 11 of the Dungeon.
             The game lasted 00:48:39 (16175 turns).

Piginabag the Nimble (Octopode Wanderer)           Turns: 16175, Time: 00:48:39

HP  -1/80        AC  1     Str 17      XL: 11   Next: 57%
MP  20/20        EV 22     Int 18      God: Nemelex Xobeh [*****.]
Gold 506         SH  0     Dex 12      Spells:  0 memorised, 10 levels left

rFire  . . .     SeeInvis .     Z - +11,+10 dagger of Tanen {stab, Str+3 Int+3}
rCold  . . .     Clarity  .     (no shield)
rNeg   . . .     Conserve +     (helmet restricted)
rPois  .         rCorr    .     M - cursed amulet of conservation
rElec  .         rRot     .     x - cursed +4 ring of evasion
SustAb . .       Spirit   .     (no ring)
rMut   .         Warding  .     (no ring)
Saprov . . .     Stasis   .     (no ring)
MR     .....                    (no ring)
                                (no ring)
                                (no ring)
                                (no ring)

@: not resistant to hostile enchantments, stealthy
A: almost no armour, amphibious, 8 rings, constrict 8, camouflage 1, gelatinous
body 1
a: Draw One, Peek at Two, Triple Draw, Deal Four, Stack Five, Renounce Religion


You were on level 11 of the Dungeon.
You worshipped Nemelex Xobeh.
Nemelex Xobeh was extremely pleased with you.
You were very hungry.

You visited 3 branches of the dungeon, and saw 13 of its levels.
You also visited: Sewer.

You collected 506 gold pieces.

Inventory:

Hand weapons
 b - a +2 blowgun
 n - a +0,+1 orcish spear
 Z - the +11,+10 dagger of Tanen (weapon) {stab, Str+3 Int+3}
   (You found it on level 10 of the Dungeon)

   It inflicts extra damage upon your enemies.
   It affects your strength (+3).
   It affects your intelligence (+3).
Missiles
 w - 8 needles of frenzy
 P - 3 curare-tipped needles
 X - 8 poisoned needles
Magical devices
 i - a wand of fire (1)
 l - a wand of polymorph (7)
 s - a wand of enslavement (10) {unknown}
 z - a wand of teleportation (4)
 K - a wand of frost (10)
 N - a wand of disintegration (24)
 O - a wand of cold (2)
 S - a wand of magic darts (13)
 U - a wand of draining (4)
Comestibles
 m - 7 royal jellies
 o - 2 meat rations
 q - a beef jerky
 t - a sausage
 C - 3 cheeses
 E - a pear
 L - an apricot
 W - a choko
Scrolls
 d - 16 scrolls of identify
 e - 8 scrolls of remove curse
 g - 2 scrolls of recharging
 k - a scroll of enchant weapon I
 u - 2 scrolls of blinking
 v - 9 scrolls of teleportation
 y - 4 scrolls of magic mapping
 A - 2 scrolls of enchant weapon II
 G - 3 scrolls of fear
 H - a scroll of fog
Jewellery
 x - a cursed +4 ring of evasion (left tentacle)
 M - a cursed amulet of conservation (around mantle)
Potions
 a - a potion of berserk rage
 c - a potion of magic {unknown}
 f - a potion of mutation {unknown}
 j - 5 potions of speed
 r - a potion of degeneration {unknown}
 B - a potion of restore abilities {unknown}
 F - a potion of brilliance
 I - a potion of might {unknown}
 J - a potion of lignification {unknown}
 Q - a potion of invisibility {unknown}
 R - 2 potions of agility
 V - a potion of curing
Books
 Y - a book of Clouds

   Spells                             Type                      Level
   Mephitic Cloud                     Conjuration/Poison/Air       3
   Conjure Flame                      Conjuration/Fire             3
   Poisonous Cloud                    Conjuration/Poison/Air       6
   Freezing Cloud                     Conjuration/Ice/Air          6
   Ring of Flames                     Charms/Fire                  7
Miscellaneous
 h - a plain deck of escape {drawn: 1}
 p - an ornate deck of escape {drawn: 4}
 T - a plain deck of escape {drawn: 1}


   Skills:
 + Level 9.3 Fighting
 - Level 1.0 Short Blades
   Level 3.0 Maces & Flails
 + Level 9.6 Polearms
 - Level 1.0 Throwing
 + Level 11.3 Dodging
 - Level 1.3 Stealth
 + Level 6.1 Evocations


You had 10 spell levels left.
You didn't know any spells.

Dungeon Overview and Level Annotations

Branches:
Dungeon (11/16)            Temple (1/1) D:6             Orc (0/4) D:9
   Lair (1/8) D:9

Altars:
Ashenzari
Cheibriados
Dithmengos
Elyvilon
Fedhas
Kikubaaqudgha
Makhleb
Nemelex Xobeh
Okawaru
Sif Muna
Trog
Vehumet
Xom
Yredelemnul
Zin
the Shining One

Shops:
D:5 *

Annotations:
D:7 exclusion: downstairs
D:8 exclusion: downstairs
D:9 exclusion: 2 downstairs
Lair:1 1 exclusion


Innate Abilities, Weirdness & Mutations

You cannot wear most types of armour.
You are amphibious.
You can wear up to eight rings at the same time.
You can use your tentacles to constrict many enemies at once.
Your skin changes colour to match your surroundings (Stlth).
Your rubbery body absorbs attacks (AC +1).


Message History

The white ugly thing is heavily wounded.
The bolt of fire hits the white ugly thing.
The white ugly thing is heavily wounded.
The bolt of fire hits the white ugly thing.
The white ugly thing is lightly wounded.
The bolt of fire misses the white ugly thing.
The white ugly thing closely misses you.
The white ugly thing moves out of view.
The white ugly thing tentacle-slaps you!
The white ugly thing freezes you!
The white ugly thing basks in the mutagenic energy from its kin and changes!
The white ugly thing basks in the mutagenic energy from its kin and changes!
The white ugly thing closely misses you.
There is a stone staircase leading up here.
The white ugly thing tentacle-slaps you!
The white ugly thing freezes you! The white ugly thing tail-slaps you!
* * * LOW HITPOINT WARNING * * *
The white ugly thing freezes you!
You die...
Your body disappears without a glow.

.... ##... ...... ....
....##....# .... ..
........# ....
.#.####.....#
....#####...#......##
...u...#............##
...u.u...##.u........#
.......###..#.......##
....u.##...##..u@#.##
......#...uu...u.###
..##.............##
#..#..............#
..###............##
.###..............#
.##..............##
................##
.......#>......##


You could see 5 ugly things.

Vanquished Creatures
  2 hydras (Lair:1)
  A hill giant (D:10)
  2 two-headed ogres (D:10)
  A troll (D:9)
  5 yaks
  A wraith (D:10)
  A wyvern (D:10)
  A hungry ghost (D:4)
  Edmund (D:5)
  A porcupine (Lair:1)
  2 black bears (D:6)
  2 ice beasts
  7 ogres
  A necrophage (D:8)
  3 sky beasts
  2 phantoms
  3 crocodiles
  A centaur (D:10)
  13 giant frogs
  A gnoll sergeant (D:5)
  A wyvern skeleton (D:6)
  2 jellies (D:8)
  A cyclops skeleton (D:11)
  A manticore skeleton (D:6)
  6 killer bees
  An eye of draining (D:9)
  9 wights
  8 crimson imps
  A goliath beetle (D:9)
  A centaur zombie (D:6)
  A yellow wasp zombie (D:8)
  2 hounds (D:9)
  2 big fish
  Crazy Yiuf (D:2)
  3 iguanas
  6 orc priests
  An orange rat (Sewer)
  2 scorpions (D:6)
  A water moccasin skeleton (D:7)
  A black bear skeleton (D:6)
  13 worker ants
  5 orc wizards
  A killer bee zombie (D:10)
  A mummy (D:9)
  14 adders
  11 gnolls
  A green rat (Sewer)
  A giant centipede (D:8)
  3 giant mites
  8 worms
  4 adder zombies
  An iguana skeleton (D:4)
  An adder skeleton (D:4)
  9 grey rats (Sewer)
  A giant eyeball (D:10)
  5 giant geckos
  An ooze (D:9)
  43 orcs
  8 ball pythons
  A bat skeleton (D:6)
  A bat zombie (D:6)
  5 giant cockroaches
  16 hobgoblins
  14 jackals
  10 kobolds
  7 quokkas
  11 bats
  10 giant newts
  A giant spore (D:9)
  19 goblins
  A hobgoblin skeleton (D:6)
  A hobgoblin zombie (D:6)
  A jackal zombie (D:6)
  An orc zombie (D:10)
  20 rats
  A rat skeleton (D:6)
  A rat zombie (D:7)
  7 ballistomycetes
  A butterfly (D:9)
362 creatures vanquished.

Vanquished Creatures (collateral kills)
  Maurice (D:9)
  A dancing weapon (D:9)
  A fire drake (D:9)
  A crimson imp (D:9)
  3 jellies (D:9)
  An orc wizard (D:9)
  A mummy (D:9)
  4 oozes (D:9)
  An orc (D:9)
14 creatures vanquished.

Vanquished Creatures (others)
  A giant firefly (D:9)
  A yak (D:9)
  A quasit (D:8)
  A bat (D:10)
  2 giant spores
  A rat (Lair:1)
7 creatures vanquished.

Grand Total: 383 creatures vanquished

Notes
Turn   | Place    | Note
--------------------------------------------------------------
     0 | D:1      | Piginabag, the Octopode Wanderer, began the quest for the Orb.
     0 | D:1      | Reached XP level 1. HP: 17/17 MP: 1/1
   162 | D:1      | Reached XP level 2. HP: 17/23 MP: 2/2
   643 | D:1      | Reached skill level 5 in Fighting
   643 | D:1      | Reached XP level 3. HP: 21/29 MP: 3/3
  1568 | D:2      | Reached XP level 4. HP: 33/35 MP: 4/4
  1571 | D:2      | Reached skill level 1 in Dodging
  1649 | D:2      | Noticed Crazy Yiuf
  1656 | D:2      | Killed Crazy Yiuf
  1770 | D:2      | Reached XP level 5. HP: 41/41 MP: 5/5
  2007 | D:2      | Reached skill level 1 in Polearms
  2407 | D:3      | Reached skill level 6 in Fighting
  2422 | D:3      | Reached XP level 6. HP: 19/46 MP: 6/6
  2793 | D:3      | Found a glowing golden altar of the Shining One.
  3577 | D:3      | Reached XP level 7. HP: 53/53 MP: 7/7
  3762 | D:4      | Noticed a hungry ghost
  3786 | D:4      | Killed a hungry ghost
  4115 | D:5      | Entered Level 5 of the Dungeon
  4140 | D:5      | Noticed Edmund
  4165 | D:5      | Killed Edmund
  4165 | D:5      | Reached XP level 8. HP: 12/58 MP: 8/8
  4280 | D:5      | Found Xedy's Assorted Antiques.
  4346 | D:5      | Found a shimmering altar of Xom.
  4408 | D:5      | Reached skill level 7 in Fighting
  4517 | D:5      | Found a glowing drain.
  4533 | Sewer    | Entered a sewer
  4594 | Sewer    | Reached skill level 5 in Dodging
  4739 | Sewer    | Reached skill level 5 in Polearms
  5242 | D:5      | Found a shattered altar of Ashenzari.
  5772 | D:6      | Reached XP level 9. HP: 34/64 MP: 9/9
  5977 | D:6      | Found a staircase to the Ecumenical Temple.
  5990 | Temple   | Entered the Ecumenical Temple
  6249 | Temple   | Became a worshipper of Nemelex Xobeh
  6301 | D:6      | Received a gift from Nemelex Xobeh
  6337 | D:6      | HP: 2/64 [orc priest/divine providence (7)]
  7131 | D:2      | Acquired Nemelex Xobeh's first power
  7762 | D:5      | Acquired Nemelex Xobeh's second power
  8334 | D:6      | Received a gift from Nemelex Xobeh
  8418 | D:6      | Acquired Nemelex Xobeh's third power
  8709 | D:6      | Reached skill level 8 in Fighting
  9287 | D:7      | Found a shimmering altar of Xom.
  9321 | D:7      | Reached skill level 1 in Evocations
 10058 | D:7      | Found an ancient bone altar of Kikubaaqudgha.
 10154 | D:8      | Received a gift from Nemelex Xobeh
 10308 | D:8      | Reached XP level 10. HP: 72/72 MP: 11/13
 10484 | D:8      | Reached skill level 9 in Dodging
 10484 | D:8      | Acquired Nemelex Xobeh's fourth power
 10787 | D:8      | Received a gift from Nemelex Xobeh
 11343 | D:9      | Found a staircase to the Orcish Mines.
 11438 | D:9      | Noticed Maurice
 11453 | D:9      | Killed Maurice
 11552 | D:9      | Found a staircase to the Lair.
 11558 | D:9      | Received a gift from Nemelex Xobeh
 12360 | D:9      | Received a gift from Nemelex Xobeh
 12362 | D:9      | Found a white marble altar of Elyvilon.
 12476 | D:9      | Found a white marble altar of Elyvilon.
 12921 | D:9      | Reached skill level 10 in Dodging
 13061 | D:10     | Entered Level 10 of the Dungeon
 13126 | Lair:1   | Entered Level 1 of the Lair of Beasts
 13334 | Lair:1   | Noticed a five-headed hydra
 13354 | Lair:1   | Killed a five-headed hydra
 13357 | Lair:1   | Received a gift from Nemelex Xobeh
 13379 | Lair:1   | Noticed a four-headed hydra
 13382 | Lair:1   | Killed a four-headed hydra
 13382 | Lair:1   | Reached skill level 5 in Evocations
 13382 | Lair:1   | Reached XP level 11. HP: 80/80 MP: 16/19
 13844 | D:9      | Acquired Nemelex Xobeh's fifth power
 14639 | D:10     | Received a gift from Nemelex Xobeh
 14770 | D:10     | Reached skill level 11 in Dodging
 14974 | D:10     | Got a shimmering dagger
 14975 | D:10     | Identified the +11,+10 dagger of Tanen {stab, Str+3 Int+3} (You found it on level 10 of the Dungeon)
 15311 | D:10     | Noticed a hill giant
 15314 | D:10     | Killed a hill giant
 16175 | D:11     | Slain by a white ugly thing

Action                   |  1- 3 |  4- 6 |  7- 9 | 10-12 || total
-------------------------+-------+-------+-------+-------++-------
Melee: Mace              |     8 |       |       |       ||     8
       Spear             |    51 |   130 |   490 |   506 ||  1177
       Dagger            |       |       |       |    67 ||    67
 Fire: Blowgun           |     1 |    13 |    16 |    32 ||    62
Invok: Peek at Two       |       |       |       |     1 ||     1
       Triple Draw       |       |       |       |     1 ||     1
Evoke: Deck              |       |       |    12 |    28 ||    40
       Wand              |       |       |     3 |     8 ||    11
  Use: Potion            |       |       |     5 |     7 ||    12
       Scroll            |       |       |     2 |    14 ||    16
 Stab: Sleeping          |     3 |     8 |    22 |     5 ||    38
       Distracted        |       |       |     3 |     4 ||     7
